 Dungeon Crawl Stone Soup version 0.27-a0-1434-g6f15984924 (webtiles) character file.

Game seed: 13804353954662775333

4 Brandom the Insei (level 1, 0/13 HPs)
             Began as an Octopode Transmuter on July 2, 2021.
             Slain by a kobold (3 damage)
             ... on level 1 of the Dungeon.
             The game lasted 00:00:23 (84 turns).

Brandom the Insei (Octopode Transmuter)               Turns: 84, Time: 00:00:23

Health: 0/13       AC:  1    Str:  9    XL:     1   Next: 60%
Magic:  3/3        EV: 13    Int: 15    God:
Gold:   0          SH:  0    Dex: 12    Spells: 3/4 levels left

rFire    . . .     SeeInvis .     - Unarmed
rCold    . . .     Faith    .   (no shield)
rNeg     . . .     Spirit   .   (helmet restricted)
rPois    .         Reflect  .   a - amulet of the acrobat
rElec    .         Harm     .   (no ring)
rCorr    .         Rampage  .   (no ring)
Will     .....                  (no ring)
Stlth    ++........             (no ring)
HPRegen  0.04/turn              (no ring)
MPRegen  0.08/turn              (no ring)
                                (no ring)
                                (no ring)

@: no status effects
A: almost no armour, amphibious, 8 rings, camouflage 1, gelatinous body 1,
(nimble swimmer 1), tentacles
a: no special abilities


You were on level 1 of the Dungeon.
You visited 1 branch of the dungeon, and saw 1 of its levels.

Inventory:

Jewellery
 a - an amulet of the acrobat (around mantle)
   (You found it on level 1 of the Dungeon)


   Skills:
 * Level 1.2 Fighting
 + Level 2.0 Dodging
 + Level 3.0 Unarmed Combat
 + Level 2.0 Spellcasting
 + Level 2.0 Transmutations


You had 3 spell levels left.
You knew the following spells:

 Your Spells              Type           Power      Damage    Failure   Level
a - Beastly Appendage     Tmut           14%        N/A       10%         1

Your spell library contained the following spells:

 Spells                   Type           Power      Damage    Failure   Level
 Wereblood                Tmut           7%         N/A       14%         2
 Spider Form              Tmut/Pois      2%         N/A       41%         3
 Ice Form                 Ice/Tmut       4%         N/A       82%         4


Dungeon Overview and Level Annotations

Branches:
Dungeon (1/15)

Altars:


Innate Abilities, Weirdness & Mutations

You cannot wear most types of armour.
You are amphibious.
You can wear up to eight rings at the same time.
Your skin changes colour to match your surroundings (Stealth+).
Your rubbery body absorbs attacks. (AC +1, EV +1)
((You are camouflaged near water. (Stealth+)))
You have tentacles for arms and can constrict up to eight enemies at once.


Message History

The bat barely misses you.
You closely miss the bat. Your grab misses the bat. The bat barely misses you.
The bat barely misses you.
You tentacle-slap the bat.
You kill the bat!
No target in view!
No target in view!
A kobold comes into view. It is wielding a +0 club.
The kobold shouts!
You hear a shout! x2
You see here an amulet of the acrobat.
The kobold throws a stone.
Keep equipping yourself? [Y]es or [N]o only, please.
Keep equipping yourself? [Y]es or [N]o only, please.
Keep equipping yourself?
The stone hits you but does no damage.
You start putting on your amulet.
You continue putting on your amulet of the acrobat. x2
The goblin closely misses you.
You continue putting on your amulet of the acrobat.
The goblin hits you with a +0 club.
You continue putting on your amulet of the acrobat.
The goblin closely misses you.
You continue putting on your amulet of the acrobat.
The goblin barely misses you.
You finish putting on your amulet of the acrobat.
You feel ready to tumble and roll out of harm's way.
a - an amulet of the acrobat (around mantle)
You tentacle-slap the goblin. Your grab misses the goblin.
You squeeze the goblin. The goblin hits you with a +0 club.
There is an open door here.
You barely miss the goblin. You grab the goblin.
You constrict the goblin, but do no damage.
The goblin hits you with a +0 club.
* * * LOW HITPOINT WARNING * * *
You tentacle-slap the goblin.
You kill the goblin!
You tentacle-slap the kobold. You grab the kobold. You constrict the kobold.
The kobold hits you with a +0 club.
* * * LOW HITPOINT WARNING * * *
You barely miss the kobold. You squeeze the kobold.
You kill the kobold!
You barely miss the kobold. Your grab misses the kobold.
The kobold barely misses you.
Unknown command.
You closely miss the kobold. You grab the kobold.
You constrict the kobold, but do no damage.
The kobold hits you with a +0 club.
You die...

###. .# ... # #.
... [#? #.. #.# #
#..##†##.#
#.......#
#....#### ##.#K#
######+#@#
.........#
.........#
.........#
##############...#
#......+.....#...#
#......#...#.#...#
#......'.....#...#
#...######...#...#


You could see a kobold.

Vanquished Creatures
  A bat (D:1)
  A goblin (D:1)
  A kobold (D:1)
3 creatures vanquished.

Notes
Turn   | Place    | Note
-------+----------+-------------------------------------------
     0 | D:1      | Brandom the Octopode Transmuter began the quest for the
                  | Orb.
     0 | D:1      | Reached XP level 1. HP: 13/13 MP: 3/3
    84 | D:1      | Slain by a kobold

Illustrated notes

Levels and vault maps discovered:
D:1:      minmay_arrival_widening_spiral_wide, layout_loops_ring,
          basic_ecumenical_altar, serial_forest, infiniplex_forest_end_2,
          infiniplex_forest_diagonal, infiniplex_forest_end_2,
          infiniplex_forest_lined_corner, infiniplex_forest_lined_2,
          infiniplex_forest_pool, infiniplex_forest_end_2,
          infiniplex_forest_lined_room_2, infiniplex_forest_split,
          infiniplex_forest_straight_2, minmay_tall_x

Action                   || total
-------------------------++-------
Melee: Unarmed           ||     9
       Constrict         ||     3
       Tentacles         ||     2
Armor: Skin              ||     1
Dodge: Dodged            ||     7

Table legend: (Time is in decaauts)
 A = Elapsed time spent in this place.
 B = Non-inter-level travel time spent in this place.
 C = Inter-level travel time spent in this place.
 D = Time resting spent in this place.
 E = Time spent auto-exploring this place.
 F = Levels seen in this place.
 G = Mean time per level.
                   A        B        C        D        E       F      G
               +--------+--------+--------+--------+--------+-----+--------+
         Total |     83 |     83 |      0 |      0 |     61 |   1 |   83.0 |
       Dungeon |     83 |     83 |      0 |      0 |     61 |   1 |   83.0 |
               +--------+--------+--------+--------+--------+-----+--------+

Top non-repeatable levels by time:
     D:1: 83 daAuts
